 Dungeon Crawl Stone Soup version 0.25-a0-294-gea9b1ad (webtiles) character file.

Game seed: 17809600675561513925, levelgen mode: deterministic

79 MrTaco21 the Cudgeler (level 4, -3/28 HPs)
             Began as a Gargoyle Fighter on Dec 17, 2019.
             Slain by Sigmund
             ... wielding a +2 scythe of slicing
              (11 damage)
             ... on level 3 of the Dungeon.
             The game lasted 00:03:28 (1859 turns).

MrTaco21 the Cudgeler (Gargoyle Fighter)            Turns: 1859, Time: 00:03:29

Health: -3/28      AC: 10    Str: 20    XL:     4   Next: 38%
Magic:  4/4        EV:  7    Int:  9    God:
Gold:   46         SH:  8    Dex:  9    Spells: 3/3 levels left

rFire    . . .     SeeInvis .   a - +0 flail
rCold    . . .     Gourm    .   n - -1 shield (curse)
rNeg     + . .     Faith    .   b - +0 scale mail
rPois    ∞         Spirit   .   (no helmet)
rElec    +         Reflect  .   (no cloak)
rCorr    .         Harm     .   (no gloves)
MR       .....                  (no boots)
Stlth    ..........             (no amulet)
HPRegen  0.09/turn              (no ring)
MPRegen  0.09/turn              (no ring)

@: no status effects
A: negative energy resistance 1, electricity resistance, unbreathing,
petrification resistance, rot immunity, AC +3
a: no special abilities


You were on level 3 of the Dungeon.
You were not hungry.

You visited 1 branch of the dungeon, and saw 3 of its levels.

You collected 46 gold pieces.

Inventory:

Hand Weapons
 a - a +0 flail (weapon)
Armour
 b - a +0 scale mail (worn)
 c - a +0 shield
 f - a +1 hat
   (You found it on level 1 of the Dungeon)
 i - a +0 pair of gloves
   (You found it on level 3 of the Dungeon)
 n - a cursed -1 shield (worn)
   (You found it on level 2 of the Dungeon)
 r - a cursed +0 pair of gloves
   (You found it on level 2 of the Dungeon)
Scrolls
 g - 2 scrolls of teleportation {@r4}
 h - a scroll of noise {unknown}
 k - 4 scrolls of identify {@r1}
 o - a scroll of magic mapping {unknown}
 p - a scroll of remove curse {unknown}
Potions
 d - a potion of might
 j - 2 potions of curing {unknown}
 l - 2 potions of lignification {unknown}
 m - a potion of degeneration {unknown}
 q - a potion of cancellation {unknown}
Comestibles
 e - 3 rations {!d}


   Skills:
 - Level 3.2 Fighting
 + Level 4.5 Maces & Flails
 - Level 3.2 Armour
 - Level 3.2 Shields


You had 3 spell levels left.
You didn't know any spells.
Your spell library was empty.

Dungeon Overview and Level Annotations

Branches:
Dungeon (3/15)

Altars:
Kikubaaqudgha
Okawaru
Wu Jian
Yredelemnul

Annotations:
D:3 Sigmund


Innate Abilities, Weirdness & Mutations

You are resistant to torment.
Your stone body is resilient. (AC +3)
You are immune to poison.
You resist negative energy. (rN+)
You are resistant to electric shocks. (rElec)
You can survive without breathing.
You are immune to petrification.
You are immune to rotting.


Message History

Found an embroidered robe.
Found a trident.
You see here a trident.
Found a stone staircase leading down.
There is a stone staircase leading down here.
Sigmund shouts!
Sigmund is too close now for your liking.
Sigmund is nearby!
Sigmund is nearby!
Sigmund mumbles some strange words.
Sigmund flickers and vanishes!
Deactivating autopickup; reactivate with Ctrl-A.
No target in view!
No target in view!
No target in view!
No target in view!
No target in view!
You sock something!
You hear some strange, mumbled words.
Something tries to affect you, but you resist.
Something hits you.
You miss something. You miss something.
You hear some strange, mumbled words.
You are confused.
You bump into the rock wall.
You hear some strange, mumbled words.
You are more confused.
You miss something. Something hits you!
* * * LOW HITPOINT WARNING * * *
* * * LOW HITPOINT WARNING * * *
You bump into the rock wall.
Something hits you but does no damage.
You bump into the rock wall.
You hear some strange, mumbled words.
Something tries to affect you, but you resist.
Unknown command.
You bump into the rock wall.
You hear some strange, mumbled words.
Something tries to affect you, but you resist.
You bump into the rock wall.
A magic dart appears from out of thin air!
The magic dart hits you but does no damage.
You bump into the rock wall.
Something hits you but does no damage.
You bump into the rock wall.
You feel less confused. Something hits you!
You die...

#.....#..... #
#...)....... #
#...<.#..... #
##.......... ## #
............###.# #
#####..######.#.# #
#..# ##.# ########
#..# #.# #..)....
...#######@# #.######
#..........#########.#
# #######.........#>#
#...........#
#########.### #.# #.#
#.# #.# ######


There were no monsters in sight!

Vanquished Creatures
  An adder (D:3)
  2 worms (D:2)
  A dart slug (D:1)
  A leopard gecko (D:1)
  An orc (D:3)
  3 ball pythons
  4 bats
  4 giant cockroaches
  7 goblins
  8 hobgoblins
  2 jackals (D:1)
  A quokka (D:3)
  7 frilled lizards
  8 kobolds
  8 rats
58 creatures vanquished.

Notes
Turn   | Place    | Note
-------+----------+-------------------------------------------
     0 | D:1      | MrTaco21 the Gargoyle Fighter began the quest for the Orb.
     0 | D:1      | Reached XP level 1. HP: 14/14 MP: 1/1
   101 | D:1      | Reached XP level 2. HP: 14/19 MP: 2/2
   201 | D:1      | Reached skill level 3 in Maces & Flails
   424 | D:1      | Reached XP level 3. HP: 23/23 MP: 3/3
  1122 | D:2      | Reached skill level 4 in Maces & Flails
  1293 | D:2      | Reached XP level 4. HP: 26/28 MP: 4/4
  1453 | D:2      | Found an iron altar of Okawaru.
  1454 | D:2      | Found a basalt altar of Yredelemnul.
  1456 | D:2      | Found an ancient bone altar of Kikubaaqudgha.
  1456 | D:2      | Found an ornate altar of the Wu Jian Council.
  1760 | D:3      | Noticed Sigmund
  1859 | D:3      | Slain by Sigmund

Levels and vault maps discovered:
D:1:      nzn_arrival_settlement, layout_loops_corners
D:2:      kennysheep_six_static_rooms, layout_loops_ring,
          chequers_temple_overflow_statue_of_worship
D:3:      layout_loops_ring, xom_teletrap_fun, chequers_ecumenical_altar_island,
          first_ration, serial_bayou_crossing, uniq_ijyb,
          uniq_crazy_yiuf_cottage, uniq_robin, uniq_natasha, uniq_sigmund

Skill      XL: |  1  2  3 |
---------------+----------+-----
Maces & Flails | 3 4 |  4.5
Fighting       | |  3.2
Armour         | |  3.2
Shields        | |  3.2

Action                   |  1- 3 |  4- 6 || total
-------------------------+-------+-------++-------
Melee: Flail             |   153 |    45 ||   198
  Use: Scroll            |     1 |       ||     1
  Eat: Chunk             |     2 |     1 ||     3
Armor: Scale mail        |    73 |    21 ||    94
Dodge: Dodged            |    42 |    10 ||    52
Block: Shield            |    83 |    16 ||    99

Table legend:
 A = Non-vault XP
 B = Vault XP
 C = Vault XP percentage of total XP
 D = Non-vault monster count
 E = Vault monster count
 F = Vault count percentage of total count
                 A         B        C        D         E       F
            +---------+---------+-------+---------+---------+-------
      Total |     106 |       8 |   7.0 |      52 |       6 |  10.3
            +---------+---------+-------+---------+---------+-------
        D:1 |      49 |       0 |   0.0 |      29 |       0 |   0.0
        D:2 |      28 |       8 |  22.2 |      13 |       6 |  31.6
        D:3 |      29 |       0 |   0.0 |      10 |       0 |   0.0
            +---------+---------+-------+---------+---------+-------
